 Dungeon Crawl Stone Soup version 0.18.1-51-gd549091e01 (webtiles) character file.

1424299 Ge0ff the Ignorant (level 27, 247/291 HPs)
             Began as an Ogre Enchanter on Apr 7, 2023.
             Was the Champion of Sif Muna (penitent).
             Escaped with the Orb
             ... and 3 runes!
             The game lasted 05:21:36 (130482 turns).

Ge0ff the Ignorant (Ogre Enchanter)               Turns: 130482, Time: 05:21:36

Health: 247/291    AC: 31    Str: 34    XL:     27
Magic:  41/41      EV: 17    Int: 19    God:    Sif Muna [*]
Gold:   3553       SH:  0    Dex: 18    Spells: 14 memorised, 8 levels left

rFire  + . .     SeeInvis .     a - +5 giant club "Ohan" {crush, rElec}
rCold  + . .     Gourm    .     Q - +9 ice dragon armour of Calculation {*Contam rF- rC++ Str+9 Dex+6 Stlth+}
rNeg   + + .     Faith    +     (shield currently unavailable)
rPois  .         Spirit   .     l - +2 hat "Qushrig" {Int+2}
rElec  +         Dismiss  .     D - +2 cloak {+Inv}
rCorr  .         Reflect  .     (gloves unavailable)
SustAt .         Harm     .     (boots unavailable)
MR     ++++.                    A - amulet of the Thistle {Faith rN+ Str+2}
Stlth  +.........               j - ring "Luntypp" {rF+ rN+}
                                U - ring "Casy" {Fire MR++, =R}

@: very slightly contaminated, repel missiles, incredibly resistant to hostile
enchantments, very unstealthy
A: unfitting armour, dopey 1, screaming 1, tough skin 1, wild magic 1
a: Renounce Religion, Evoke Invisibility
0: Orb of Zot
}: 3/15 runes: decaying, silver, gossamer


You escaped.
You worshipped Sif Muna.
Sif Muna was demanding penance.
You were not hungry.

You visited 11 branches of the dungeon, and saw 55 of its levels.
You also visited: Labyrinth, Ossuary, Ice Cave, Volcano and Wizlab.

You collected 9290 gold pieces.
You spent 5737 gold pieces at shops.

Inventory:

Hand Weapons
 a - the +5 giant club "Ohan" (weapon) {crush, rElec}
   (You acquired it on level 13 of the Dungeon)

   It inflicts extra damage upon your enemies.
   It insulates you from electricity.
 h - the +4 giant club of Arrival {crush, rPois MP-9 Dex+3 SInv}
   (Okawaru gifted it to you on level 2 of the Depths)

   It inflicts extra damage upon your enemies.
   It affects your dexterity (+3).
   It protects you from poison.
   It affects your magic capacity (-9).
   It lets you see invisible.
 w - the +11 dagger "Earthworm" {flame, +Blink}
   (You found it on level 3 of the Elven Halls)

   It has been specially enchanted to burn those struck by it, causing extra
   injury to most foes and up to half again as much damage against particularly
   susceptible opponents.
   It lets you blink.
 x - the +6 morningstar of the Revolution {antimagic, +Blink rN+ Int+7 Stlth-}
   (Okawaru gifted it to you on level 5 of the Vaults)

   It disrupts the flow of magical energy around spellcasters and certain
   magical creatures (including the wielder).
   It affects your intelligence (+7).
   It protects you from negative energy.
   It lets you blink.
   It makes you less stealthy.
Missiles
 e - 27 javelins
 f - 124 large rocks
 g - 8 throwing nets {=f}
 B - 25 tomahawks
 X - 14 javelins of penetration (quivered)
Armour
 l - the +2 hat "Qushrig" (worn) {Int+2}
   (You bought it in a shop on level 9 of the Dungeon)

   It affects your intelligence (+2).
 D - a +2 cloak of invisibility (worn)
 Q - the +9 ice dragon armour of Calculation (worn) {*Contam rF- rC++ Str+9 Dex+6 Stlth+}
   (Okawaru gifted it to you on level 3 of the Vaults)

   It affects your strength (+9).
   It affects your dexterity (+6).
   It makes you vulnerable to fire.
   It greatly protects you from cold.
   It causes magical contamination when unequipped.
   It makes you more stealthy.
Rods
 b - a +9 rod of clouds (11/11)
   (You bought it in a shop on level 13 of the Dungeon)
Jewellery
 j - the ring "Luntypp" (right hand) {rF+ rN+}
   (You took it off a vault warden on level 5 of the Vaults)

   [ring of protection from fire]

   It protects you from fire.
   It protects you from negative energy.
 A - the amulet of the Thistle (around neck) {Faith rN+ Str+2}
   (You bought it in a shop on level 15 of the Dungeon)

   [amulet of faith]

   It allows you to gain divine favour quickly.
   It affects your strength (+2).
   It protects you from negative energy.
 U - the ring "Casy" (left hand) {Fire MR++, =R}
   (You took it off a deep elf mage on level 3 of the Elven Halls)

   [ring of fire]

   It enhances your fire magic, and weakens your ice magic.
   It protects you from fire.
   It makes you vulnerable to cold.
   It affects your resistance to hostile enchantments.
Wands
 c - a wand of heal wounds (9/9)
 d - a wand of digging (3/24)
 k - a wand of iceblast (6/15)
 p - a wand of paralysis (3/24)
 s - a wand of confusion (18/48)
 P - a wand of disintegration (7/24)
 S - a wand of teleportation (0/9)
 Y - a wand of hasting (2/9)
Scrolls
 i - 15 scrolls of identify
 m - 3 scrolls of magic mapping
 E - 3 scrolls of fear
 F - a scroll of fog
 T - 11 scrolls of teleportation
 V - a scroll of vulnerability {!r}
Potions
 o - 3 potions of ambrosia
 q - 13 potions of curing
 t - 3 potions of agility
 z - 7 potions of brilliance
 H - 8 potions of haste {!q}
 M - 9 potions of might
 N - 3 potions of cancellation {!q}
 R - 3 potions of resistance
 W - 4 potions of heal wounds {!q}
 Z - 2 potions of berserk rage {!q}
Books
 I - Sif Muna's Incunabulum of the Compass
   (Sif Muna gifted it to you on level 4 of the Realm of Zot)

   Spells                             Type                      Level
   a - Shroud of Golubria             Charms/Translocation         2
   b - Recall                         Summoning/Translocation      3
   c - Portal Projectile              Translocation                3
   d - Teleport Other                 Translocation                3
   e - Force Lance                    Conjuration/Translocation    4
   f - Summon Forest                  Summoning/Translocation      5
   g - Dispersal                      Translocation                6
   h - Malign Gateway                 Summoning/Translocation      7
Miscellaneous
 u - a box of beasts
 v - a lamp of fire
 G - a fan of gales (inert)
 K - a phial of floods
 L - 2 phantom mirrors
 O - a sack of spiders {used: 4}
Comestibles
 r - 15 bread rations


   Skills:
 - Level 20.0 Fighting
 - Level 0.5 Short Blades
 - Level 20.0 Maces & Flails
 - Level 17.5 Throwing
 - Level 16.4 Armour
 - Level 12.0 Dodging
 - Level 9.7 Stealth
 + Level 14.0 Spellcasting
 - Level 7.0 Hexes
 * Level 10.9 Charms
 - Level 9.0 Summonings
 - Level 7.0 Necromancy
 - Level 7.0 Translocations
 - Level 7.0 Transmutations
 * Level 11.9 Air Magic
 - Level 7.0 Earth Magic
 - Level 22.7 Invocations
 - Level 13.1 Evocations


You had 8 spell levels left.
You knew the following spells:

 Your Spells              Type           Power        Failure   Level  Hunger
b - Sticks to Snakes      Trmt           ######..     1%          2    None
d - Repel Missiles        Chrm/Air       ######       1%          2    None
g - Apportation           Tloc           ######....   1%          1    None
l - Summon Lightning Spi  Summ/Air       ######..     1%          4    None
p - Portal Projectile     Tloc           ######       2%          3    None
r - Regeneration          Chrm/Necr      ######....   1%          3    None
s - Spectral Weapon       Hex/Chrm       ######..     1%          3    None
w - Passwall              Trmt/Erth      ######....   1%          2    None
y - Yara's Violent Unrav  Hex/Trmt       ######....   21%         5    ####...
B - Blink                 Tloc           N/A          1%          2    None
D - Deflect Missiles      Chrm/Air       ######....   21%         6    #####..
H - Haste                 Chrm           ######..     24%         6    #####..
I - Silence               Hex/Air        ######....   8%          5    ####...
S - Song of Slaying       Chrm           ######..     1%          2    None


Dungeon Overview and Level Annotations

Branches:
Dungeon (15/15)            Temple (1/1) D:6            Lair (8/8) D:10
  Swamp (4/4) Lair:6       Spider (4/4) Lair:4        Slime (0/6) Lair:8
    Orc (2/2) D:11            Elf (3/3) Orc:2        Vaults (5/5) D:13
  Crypt (3/3) Vaults:2       Tomb (0/3) Crypt:3      Depths (5/5) D:15
    Zot (5/5) Depths:5

Altars:
Ashenzari
Cheibriados
Dithmenos
Elyvilon
Fedhas
Gozag
Kikubaaqudgha
Makhleb
Nemelex Xobeh
Okawaru
Pakellas
Qazlal
Ru
Sif Muna
Trog
Vehumet
Xom
Yredelemnul
Zin
The Shining One
Beogh
Jiyva
Lugonu

Shops:
D:6 *   D:7 (   D:9 [   D:13 !}[   D:15 =   Orc:2 ?:(   Elf:3 [   Vaults:2 (
Vaults:3 *

Portals:
Hell: Depths:1 Depths:2 Depths:3 Depths:4 Depths:5
Abyss: Depths:1 Depths:2 Depths:4
Pandemonium: Orc:2 Depths:2 Depths:3
Ziggurat: Depths:3
Trove: D:11 (give 12 scrolls of teleportation)


Innate Abilities, Weirdness & Mutations

You are too large for most types of armour.
You have tough skin (AC +1).
You are dopey. (Int -2)
You occasionally shout uncontrollably at your foes.
Your spells are a little harder to cast, but a little more powerful.


Message History

You kill Haoz!
The ice devil disappears in a puff of smoke!
The sixfirhy disappears in a puff of smoke!
Your extra speed is starting to run out.
g - 7 throwing nets {=f} (gained 1)
g - 8 throwing nets {=f} (gained 1)
X - 14 javelins of penetration (gained 5)
f - 124 large rocks (gained 4)
You feel yourself slow down.
There is a large open door here.
There is a large open door here.
There is a large open door here.
A ynoxinul comes into view.
There is a large open door here.
The ynoxinul hits you but does no damage.
You beat the ynoxinul like a drum!!!!
You kill the ynoxinul!
You see here 26 sling bullets.
An Orb Guardian comes into view.
You bludgeon the Orb Guardian!!
The Orb Guardian is heavily wounded.
You feel a little less mighty now.
The Orb Guardian hits you but does no damage.
You hammer the Orb Guardian like a gong!!!
You kill the Orb Guardian!
There is a large open door here.
There is a large open door here.
There is an open door here.
Items here: :::::: a Fen Folio; a book of Maledictions; a book of Summonings; a book of Battle a book of Enchantments; a book of the Warp Read which item? (? for menu, Esc to quit)
Okay, then.
Unknown command.
Okay, then.
Read which item? (? for menu, Esc to quit)
Okay, then.
C - a book of Battle Use which ability? (? or * to list)
Okay, then.
Use which ability? (? or * to list)
Okay, then.
Read which item? (? for menu, Esc to quit)
Forgetting Shroud of Golubria from the book of Battle will destroy the book and put you under penance!
Are you sure?
As you tear out the page describing Shroud of Golubria, the book crumbles to dust.
Your memory of Shroud of Golubria unravels.
You feel extremely guilty. "You will pay for your transgression, mortal!"
There is a staircase leading out of the dungeon here.
You have escaped!

#.# #.......# #.# #######
#...÷##.# #.# #.....###.....#.#
#.# #.....##........#
####.###.....###.....#.#
#............# #....##.#
##.##.#≈≈≈≈≈≈≈≈≈#####≈≈≈≈≈
#.....#≈#######≈#≈♣≈#≈#### ####
#..####≈#@...8####8####8.. ##..##
#..#...≈#.:...'.......'...
#8..8###......≈#8...8##8#'#8##8..
......##.##.##≈###'######'######'
(.>.........##≈#≈#.##♣♣.....♣♣##.
#8..8#.#......≈♣♣8.#♣≈....(..≈♣#.
##..##.###..##≈#≈#.8#.........#8.
........##....≈###.##...≈♣≈...##.
####....##.##..''..''...♣8♣...''.


There were no monsters in sight!

Vanquished Creatures
  5 orbs of fire (Zot:5)
  Mennas (Vaults:4)
  10 ancient liches
  Boris (twice) (Vaults:2 Vaults:5)
  Frederick (Crypt:3)
  Margery (Vaults:3)
  6 Killer Klowns (Zot:5)
  A caustic shrike (Depths:4)
  3 curse toes
  A pandemonium lord (D:1)
  11 golden dragons
  Jory (Depths:3)
  A bone dragon (Crypt:3)
  3 electric golems (Zot:5)
  Jorgrun (Vaults:4)
  19 tentacled monstrosities
  28 Orb Guardians
  5 liches
  Asterion (Spider:1)
  13 deep elf master archers
  7 deep elf blademasters
  A quicksilver dragon (Depths:5)
  3 sphinxes
  An Executioner (D:4)
  9 titans
  Gastronok (D:10)
  14 death cobs
  4 ancient champions
  10 shadow dragons
  3 thorn hunters
  Agnes (Elf:1)
  19 storm dragons
  Kirke (Elf:1)
  5 tengu reavers
  4 draconian monks
  Wiglaf (Crypt:2)
  27 fire giants
  6 deep elf sorcerers
  4 revenants
  6 draconian knights
  6 draconian scorchers
  17 frost giants
  4 orc warlords
  7 draconian shifters
  5 ghouls (Crypt:1)
  7 ghost moths
  Aizul (Spider:2)
  4 emperor scorpions
  A draconian zealot (Zot:2)
  An iron dragon (Depths:4)
  4 spriggan defenders
  A curse skull (Crypt:2)
  Louise (Swamp:3)
  A juggernaut skeleton (Depths:2)
  19 vault wardens
  42 very ugly things
  2 draconian annihilators (Zot:1)
  A reaper (Depths:2)
  3 deep elf elementalists (Elf:3)
  11 ironheart preservers
  7 war gargoyles
  48 stone giants
  10 deep elf demonologists
  10 vampire knights
  A caustic shrike skeleton (Crypt:2)
  4 draconian callers
  2 salamander stormcallers
  3 deep elf annihilators
  13 green draconians
  8 purple draconians
  7 black draconians
  8 red draconians
  9 white draconians
  A lorocyproca (Zot:5)
  10 mottled draconians
  10 deep elf death magi
  6 eidola
  10 spark wasps
  9 yellow draconians
  A merfolk javelineer (Depths:1)
  Snorg (Lair:6)
  19 ettins
  A merfolk impaler (Depths:1)
  6 jiangshi
  24 fire dragons
  15 yaktaur captains
  4 crystal guardians
  30 vault guards
  10 deep elf high priests
  A minotaur (Lab)
  10 entropy weavers
  12 great orbs of eyes
  27 hydras
  A ghost crab (shapeshifter) (Vaults:5)
  4 spriggan air magi
  3 ghost crabs
  A catoblepas (Lair:8)
  14 centaur warriors
  6 rakshasas
  14 ogre magi
  5 death knights
  27 ice dragons
  11 alligators
  5 tengu warriors
  16 deep troll shamans
  14 deep troll earth magi
  7 death yaks
  7 orc high priests
  6 vampire magi
  35 dancing weapons
  2 titan zombies (Crypt:3)
  8 spriggan berserkers
  Urug (D:15)
  5 soul eaters
  5 spriggans
  Sonja (Lair:4)
  49 deep elf knights
  2 sun demons
  3 golden dragon zombies
  A storm dragon zombie (Crypt:2)
  12 hell knights
  44 skeletal warriors
  11 iron trolls
  2 shadow wraiths
  12 unseen horrors
  A death drake (shapeshifter) (Depths:2)
  2 titan skeletons (Crypt:3)
  2 infernal demonspawn (Depths:3)
  A shadow demon (Depths:3)
  A gelid demonspawn (Depths:3)
  62 deep trolls
  4 flayed ghosts
  A spriggan druid (Swamp:4)
  3 wizards
  11 swamp dragons
  12 hill giants
  A putrid demonspawn (Depths:2)
  7 shambling mangroves
  2 lindwurms (Lair:8)
  A harpy (shapeshifter) (Vaults:5)
  A torturous demonspawn (Orc:2)
  35 deep elf archers
  18 ironbrand convokers
  19 orc knights
  2 giant orange brains
  A wolf spider zombie (Crypt:2)
  2 tengu zombies
  Pikel (D:5)
  9 phantasmal warriors
  A sphinx zombie (Depths:3)
  A griffon (shapeshifter) (Depths:3)
  4 harpies (Vaults:1)
  17 orc sorcerers
  19 orb spiders
  A faun (shapeshifter) (Vaults:5)
  17 necromancers
  26 wolf spiders
  A shadow dragon skeleton (Depths:3)
  2 iron dragon zombies
  4 griffons
  51 ugly things
  106 deep elf magi
  5 hornets
  A tengu skeleton (Vaults:2)
  2 iron dragon skeletons
  39 moths of wrath
  6 sixfirhies
  4 elephants
  3 manticores
  3 frost giant zombies
  A hornet (shapeshifter) (D:15)
  4 frost giant skeletons
  8 cyclopes
  A cyclops (shapeshifter) (Vaults:5)
  A sphinx skeleton (Depths:4)
  3 guardian serpents (shapeshifter)
  2 octopodes (shapeshifter)
  A rust devil (Depths:2)
  4 centaur zombies
  An eye of devastation (shapeshifter) (Vaults:5)
  5 black mambas
  A stone giant skeleton (Crypt:2)
  9 torpor snails
  2 ice statues (IceCv)
  14 spiny frogs
  11 vault sentinels
  A storm dragon simulacrum (Crypt:2)
  A gargoyle (D:14)
  A yaktaur zombie (Vaults:2)
  6 large abominations
  A death yak zombie (Crypt:2)
  2 orange demons
  A rime drake (Lair:8)
  11 komodo dragons
  12 demonic crawlers
  9 kobold demonologists
  A komodo dragon (shapeshifter) (Depths:5)
  52 yaktaurs
  A purple draconian skeleton (Crypt:2)
  3 ice devils
  A harpy zombie (D:14)
  5 freezing wraiths
  5 hellwings
  10 trolls
  A merfolk (D:9)
  2 red devils
  5 tengu conjurers
  A polar bear (Lair:4)
  A queen bee (shapeshifter) (Vaults:1)
  37 jumping spiders
  A harpy skeleton (Crypt:3)
  13 bog bodies
  27 two-headed ogres
  A two-headed ogre (shapeshifter) (Vaults:4)
  26 blink frogs
  A slime creature (shapeshifter) (Vaults:5)
  8 giant leeches
  52 slime creatures
  An ettin zombie (Crypt:2)
  A spriggan zombie (Depths:3)
  6 boulder beetles
  An alligator zombie (Crypt:2)
  2 blink frogs (shapeshifter)
  2 hydra skeletons
  2 human simulacra
  A deep troll zombie (Depths:1)
  2 ettin skeletons (Crypt:2)
  2 fire dragon skeletons
  A redback (shapeshifter) (D:15)
  A spriggan (shapeshifter) (Vaults:5)
  An alligator skeleton (Crypt:3)
  29 flying skulls
  14 air elementals
  A guardian serpent skeleton (Crypt:2)
  7 shadows
  40 tarantellas
  4 vampires
  2 elf zombies
  A tarantella (shapeshifter) (Vaults:1)
  2 wyverns (Lair:8)
  17 water elementals
  8 wraiths
  A ynoxinul (D:1)
  119 redbacks
  43 yaks
  5 basilisks
  A fire elemental (Elf:2)
  3 hogs (Elf:1)
  Grum (D:9)
  An elf skeleton (Depths:4)
  36 vampire mosquitoes
  8 hippogriffs
  6 hungry ghosts
  2 steam dragons
  6 chaos spawn
  14 swamp worms
  10 wargs
  2 mottled dragons
  A human zombie (Depths:1)
  4 hell hounds (Zot:5)
  A soldier ant (shapeshifter) (Vaults:4)
  A water moccasin (shapeshifter) (D:14)
  A giant eyeball (shapeshifter) (Depths:2)
  A hell hound (shapeshifter) (Vaults:5)
  3 sky beasts
  16 water moccasins
  6 porcupines
  A porcupine (shapeshifter) (Elf:3)
  A black bear (D:10)
  16 swamp drakes
  An eye of draining (D:11)
  A black bear (shapeshifter) (Depths:4)
  3 phantoms
  An elf simulacrum (Depths:4)
  An ettin simulacrum (Vaults:1)
  26 ice beasts
  66 orc warriors
  2 slaves (D:5)
  27 wasps
  A wasp (shapeshifter) (Depths:3)
  7 necrophages
  25 wolves
  11 boggarts
  An orc skeleton (Vaults:2)
  A tengu (shapeshifter) (Depths:2)
  70 ogres
  A snapping turtle skeleton (Crypt:2)
  31 centaurs
  11 crocodiles
  16 big kobolds
  30 giant frogs
  Blork the orc (D:6)
  7 earth elementals
  4 water moccasin zombies
  2 wyvern zombies
  6 human skeletons
  A wyvern skeleton (D:14)
  A hell hound skeleton (Crypt:2)
  4 small abominations (Depths:1)
  16 killer bees
  5 scorpions
  6 wights
  A yak skeleton (Crypt:2)
  A hippogriff skeleton (Crypt:1)
  A troll skeleton (Lab)
  2 spriggan skeletons
  3 howler monkeys
  5 electric eels
  9 crimson imps
  A giant frog zombie (D:9)
  A two-headed ogre zombie (Crypt:1)
  5 quasits
  12 hounds
  6 jellies
  39 orc priests
  32 orc wizards
  A black bear skeleton (Crypt:2)
  A giant frog skeleton (D:5)
  8 iguanas
  2 iron imps (Depths:2)
  4 centaur skeletons
  A porcupine zombie (Crypt:1)
  15 worker ants
  2 big kobold zombies
  43 sheep
  A hound zombie (Crypt:2)
  A hound skeleton (D:4)
  3 mummies
  3 worker ant zombies
  21 gnolls
  19 adders
  81 river rats
  10 shadow imps
  A steam dragon skeleton (Crypt:1)
  2 white imps
  3 ufetubi
  An ooze (D:4)
  7 adder zombies
  An adder skeleton (D:9)
  27 worms
  3 dart slugs
  3 giant geckos
  153 orcs
  A ball python (D:3)
  6 giant cockroaches
  13 goblins
  5 hobgoblins
  9 jackals
  22 kobolds
  13 quokkas
  10 bats
  A giant gecko skeleton (D:3)
  3 giant newts
  A giant newt zombie (Crypt:2)
  4 gnoll zombies (Ossuary)
  5 hobgoblin zombies (Ossuary)
  4 kobold zombies (Ossuary)
  4 orc zombies (Ossuary)
  A quokka skeleton (D:5)
  9 rats
  A rat zombie (Crypt:1)
  2 briar patches (Swamp:2)
  2 crawling corpses (Elf:3)
  A fungus (Lair:8)
  4 lost souls
  6 plants
3435 creatures vanquished.

Vanquished Creatures (collateral kills)
  A tentacled monstrosity (Zot:2)
  A stone giant (Depths:2)
  A spark wasp (Spider:4)
  A rakshasa (Depths:3)
  A hydra (Swamp:4)
  A deep troll (Vaults:1)
  An ironbrand convoker (Vaults:1)
  A deep elf mage (Elf:1)
  3 yaktaurs (Vaults:1)
  2 redbacks
  4 vampire mosquitoes
  A swamp worm (Swamp:4)
  2 swamp drakes (Swamp:4)
  A wasp (Spider:4)
  2 boggarts
23 creatures vanquished.

Vanquished Creatures (others)
  Donald (Vaults:3)
  A deep elf elementalist (Elf:3)
  2 spark wasps
  A yaktaur captain (Vaults:4)
  A deep elf knight (Crypt:1)
  A spriggan druid (Swamp:4)
  3 deep elf archers
  A golden dragon skeleton (Crypt:3)
  6 deep elf magi
  A necromancer (Crypt:3)
  3 yaktaurs
  A blink frog (Swamp:4)
  An air elemental (Elf:2)
  2 redbacks (D:15)
  2 slaves (D:5)
  An ogre (Vaults:3)
  An orc priest (D:5)
  4 orcs
  A quokka zombie (D:5)
  2 briar patches (Swamp:4)
  17 fungi
  3 lost souls (Crypt:3)
  22 plants
  45 spectral weapons
  5 toadstools (Swamp:2)
128 creatures vanquished.

Grand Total: 3586 creatures vanquished

Notes
Turn   | Place    | Note
--------------------------------------------------------------
     0 | D:1      | Ge0ff the Ogre Enchanter began the quest for the Orb.
     0 | D:1      | Reached XP level 1. HP: 16/16 MP: 3/3
    25 | D:1      | Reached skill level 1 in Fighting
   117 | D:1      | Reached XP level 2. HP: 25/28 MP: 3/5
   435 | D:1      | Reached skill level 1 in Maces & Flails
   808 | D:1      | Reached XP level 3. HP: 36/36 MP: 6/6
  1245 | D:2      | Found a bloodstained altar of Trog.
  1522 | D:2      | Reached XP level 4. HP: 43/45 MP: 7/7
  2232 | D:2      | Found a basalt altar of Yredelemnul.
  2915 | D:2      | Found a white marble altar of Elyvilon.
  3216 | D:3      | Found an iron altar of Okawaru.
  3222 | D:3      | Became a worshipper of Warmaster Okawaru
  3554 | D:3      | Reached XP level 5. HP: 54/54 MP: 8/8
  3616 | D:3      | Found an oddly glowing altar of Pakellas.
  3962 | D:3      | Reached skill level 5 in Maces & Flails
  4706 | D:3      | Found a radiant altar of Vehumet.
  5236 | D:3      | Reached XP level 6. HP: 54/62 MP: 9/9
  5340 | D:4      | Reached skill level 1 in Evocations
  5344 | D:4      | Found a sacrificial altar of Ru.
  5803 | D:4      | Found a glowing silver altar of Zin.
  6010 | D:4      | Reached XP level 7. HP: 54/70 MP: 10/10
  6224 | D:4      | Reached * piety under Okawaru
  6876 | D:5      | Entered Level 5 of the Dungeon
  7100 | D:5      | Reached skill level 1 in Invocations
  7260 | D:5      | Reached skill level 2 in Invocations
  7263 | D:5      | Reached XP level 8. HP: 78/78 MP: 9/11
  7589 | D:5      | Reached skill level 3 in Invocations
  7780 | D:5      | Noticed Pikel
  7842 | D:5      | Killed Pikel
  7842 | D:5      | Reached ** piety under Okawaru
  7842 | D:5      | Reached skill level 5 in Fighting
  7842 | D:5      | Reached skill level 10 in Maces & Flails
  8205 | D:5      | Found a stormy altar of Qazlal.
  8376 | D:5      | Reached XP level 9. HP: 73/89 MP: 12/12
  9077 | D:6      | Found Fili Moe's General Store.
  9222 | D:6      | Found a staircase to the Ecumenical Temple.
  9232 | Temple   | Entered the Ecumenical Temple
  9550 | D:6      | Noticed Blork the orc
  9557 | D:6      | Killed Blork the orc
 10003 | D:7      | Found a sand-covered staircase.
 10012 | Ossuary  | Entered an ossuary
 10102 | Ossuary  | Reached *** piety under Okawaru
 10566 | D:7      | Found a sparkling altar of Nemelex Xobeh.
 10790 | D:7      | Found a blossoming altar of Fedhas.
 10878 | D:7      | Found Adylil's Antique Weapon Emporium.
 10958 | D:7      | Identified a -2 rod of ignition (10/10) (You found it on level 7 of the Dungeon)
 10988 | D:7      | Reached skill level 4 in Invocations
 11713 | D:8      | Reached XP level 10. HP: 102/102 MP: 13/13
 11745 | D:8      | Found a shattered altar of Ashenzari.
 11745 | D:8      | Found an opulent altar of Gozag.
 12360 | D:8      | Reached skill level 5 in Invocations
 13283 | D:9      | Noticed Grum
 13314 | D:9      | Killed Grum
 13893 | D:9      | Found Timpaluro's Armour Emporium.
 13919 | D:9      | Found a snail-covered altar of Cheibriados.
 13954 | D:9      | Reached **** piety under Okawaru
 15507 | D:9      | Noticed a deep elf mage
 15513 | D:9      | Killed a deep elf mage
 15596 | D:9      | Reached XP level 11. HP: 99/115 MP: 14/14
 15752 | D:9      | Reached skill level 15 in Maces & Flails
 15895 | D:9      | Bought the +2 hat "Qushrig" {Int+2} for 352 gold pieces
 15934 | D:10     | Entered Level 10 of the Dungeon
 15958 | D:10     | Reached skill level 5 in Evocations
 16006 | D:10     | Found a staircase to the Lair.
 16180 | D:10     | Reached skill level 10 in Fighting
 16509 | D:10     | Found an iron altar of Okawaru.
 16536 | D:10     | Noticed Gastronok
 16818 | D:10     | Noticed an unseen horror
 16835 | D:10     | Killed an unseen horror
 16835 | D:10     | Reached ***** piety under Okawaru
 17724 | D:10     | Killed Gastronok
 17724 | D:10     | Reached skill level 6 in Invocations
 17796 | D:10     | Found an iron altar of Okawaru.
 17908 | D:10     | Noticed an unseen horror
 17927 | D:10     | Killed an unseen horror
 18218 | D:10     | Noticed a hill giant
 18230 | D:10     | Killed a hill giant
 18758 | D:11     | Noticed an orc knight
 18772 | D:11     | Received a gift from Okawaru
 18783 | D:11     | Killed an orc knight
 18783 | D:11     | Reached skill level 7 in Invocations
 18864 | D:11     | Found a staircase to the Orcish Mines.
 18911 | D:11     | Found a portal to a secret trove of treasure.
 19022 | D:11     | Noticed a rakshasa
 19045 | D:11     | Killed a rakshasa
 19045 | D:11     | Reached XP level 12. HP: 57/130 MP: 10/17
 21428 | Lair:1   | Entered Level 1 of the Lair of Beasts
 21606 | Lair:1   | Noticed a four-headed hydra
 21616 | Lair:1   | Killed a four-headed hydra
 22522 | Lair:1   | Received a gift from Okawaru
 22635 | Lair:1   | Reached ****** piety under Okawaru
 22831 | Lair:2   | Found a frozen archway.
 23042 | IceCv    | Entered an ice cave
 23051 | IceCv    | Reached XP level 13. HP: 140/140 MP: 18/18
 23340 | IceCv    | Reached skill level 1 in Armour
 23466 | IceCv    | Noticed an ice dragon
 23469 | IceCv    | Noticed an ice dragon
 23477 | IceCv    | Killed an ice dragon
 23500 | IceCv    | Killed an ice dragon
 23533 | IceCv    | Got a steaming pewter ring
 23535 | IceCv    | Identified the ring of Crawling {rElec Stlth+} (You found it in an ice cave)
 24233 | Lair:2   | Reached skill level 1 in Throwing
 24472 | Lair:2   | Learned a level 2 spell: Passwall
 24822 | Lair:3   | Found a dark tunnel.
 24827 | Volcano  | Entered a volcano
 26752 | Lair:4   | Noticed Sonja
 26756 | Lair:4   | Killed Sonja
 26756 | Lair:4   | Received a gift from Okawaru
 27159 | Lair:4   | Found a hole to the Spider Nest.
 27922 | Lair:5   | Reached skill level 8 in Invocations
 27954 | Lair:5   | Reached XP level 14. HP: 73/154 MP: 14/20
 28614 | Lair:5   | Received a gift from Okawaru
 30010 | Lair:5   | Learned a level 3 spell: Spectral Weapon
 30014 | Lair:5   | Learned a level 3 spell: Regeneration
 30017 | Lair:5   | Learned a level 2 spell: Song of Slaying
 30020 | Lair:5   | Learned a level 2 spell: Shroud of Golubria
 30117 | Lair:6   | Found a staircase to the Swamp.
 30281 | Lair:6   | Noticed Snorg
 30288 | Lair:6   | Killed Snorg
 30459 | Lair:6   | Reached skill level 1 in Charms
 31124 | Lair:7   | Found a labyrinth entrance.
 31153 | Lab      | Entered a labyrinth
 31382 | Lab      | Learned a level 2 spell: Repel Missiles
 31386 | Lab      | Identified a +4 rod of inaccuracy (11/11) (You found it in a labyrinth)
 31395 | Lab      | Learned a level 2 spell: Sticks to Snakes
 32703 | Lair:8   | Entered Level 8 of the Lair of Beasts
 32746 | Lair:8   | Found a viscous altar of Jiyva.
 32746 | Lair:8   | Found a staircase to the Slime Pits.
 32934 | Lair:8   | Reached skill level 1 in Air Magic
 33141 | Lair:8   | Received a gift from Okawaru
 34149 | Lair:8   | Reached XP level 15. HP: 143/163 MP: 18/22
 34154 | Lair:8   | Reached skill level 5 in Spellcasting
 34744 | Lair:8   | Reached skill level 5 in Hexes
 34800 | Lair:8   | Found a runed door.
 35548 | Orc:1    | Entered Level 1 of the Orcish Mines
 35950 | Orc:2    | Entered Level 2 of the Orcish Mines
 36010 | Orc:2    | Received a gift from Okawaru
 36618 | Orc:1    | Found a roughly hewn altar of Beogh.
 37225 | Orc:1    | Reached skill level 5 in Charms
 38091 | Orc:2    | Found a staircase to the Elven Halls.
 39683 | Orc:2    | Received a gift from Okawaru
 39958 | Orc:2    | Found a staircase to the Elven Halls.
 40097 | Orc:2    | Noticed an orc warlord
 40515 | Orc:2    | Found Ugrag's Book Emporium.
 40515 | Orc:2    | Found a one-way gate leading to the halls of Pandemonium.
 40515 | Orc:2    | Found Bitear's Antique Weapon Shoppe.
 40588 | Orc:2    | Found Sanutuak's Magic Scroll Boutique.
 40590 | Orc:2    | Found Himufrasm's Food Shop.
 40599 | Orc:2    | Bought a scroll of teleportation for 39 gold pieces
 40853 | Orc:2    | Killed an orc warlord
 40853 | Orc:2    | Received a gift from Okawaru
 40853 | Orc:2    | Reached XP level 16. HP: 161/172 MP: 20/27
 41462 | Orc:2    | Reached skill level 5 in Air Magic
 41561 | Orc:2    | Got a steaming large shield {god gift}
 41568 | Orc:2    | Identified the -8 large shield "Laabb" {*Contam Str+4 Int+3} (Okawaru gifted it to you on level 2 of the Orcish Mines)
 42189 | D:12     | Found an opulent altar of Gozag.
 43037 | D:13     | Identified a scroll of acquirement
 43040 | D:13     | Got a shimmering giant club
 43041 | D:13     | Identified the +5 giant club "Ohan" {crush, rElec} (You acquired it on level 13 of the Dungeon)
 43235 | D:13     | Found Roidaprich's Antique Armour Boutique.
 43265 | D:13     | Found Unwimeb's Gadget Shop.
 44048 | D:13     | Found a gate to the Vaults.
 44146 | D:13     | Found Bumov's Distillery.
 44307 | D:14     | Found a bloodstained altar of Trog.
 44599 | D:14     | Received a gift from Okawaru
 44902 | D:14     | Received a gift from Okawaru
 45345 | D:15     | Entered Level 15 of the Dungeon
 45385 | D:15     | Found Sanyfur's Jewellery Boutique.
 45593 | D:15     | Bought the amulet of the Thistle {Faith rN+ Str+2} for 664 gold pieces
 45616 | D:15     | Found a staircase to the Depths.
 46237 | D:15     | Noticed Urug
 46246 | D:15     | Killed Urug
 46385 | D:15     | Reached skill level 10 in Spellcasting
 47404 | Swamp:1  | Entered Level 1 of the Swamp
 47887 | Swamp:1  | Reached skill level 5 in Armour
 48534 | Swamp:2  | Noticed a thorn hunter
 48551 | Swamp:2  | Killed a thorn hunter
 48551 | Swamp:2  | Reached skill level 9 in Invocations
 48551 | Swamp:2  | Reached XP level 17. HP: 78/182 MP: 31/31
 49101 | Swamp:2  | Received a gift from Okawaru
 50437 | Swamp:3  | Reached skill level 1 in Translocations
 50452 | Swamp:3  | Reached skill level 1 in Transmutations
 50460 | Swamp:3  | Noticed Louise
 50476 | Swamp:3  | Killed Louise
 50476 | Swamp:3  | Reached skill level 1 in Necromancy
 50476 | Swamp:3  | Reached skill level 1 in Earth Magic
 52198 | Swamp:4  | Entered Level 4 of the Swamp
 52208 | Swamp:4  | Reached skill level 15 in Fighting
 52529 | Swamp:4  | Reached skill level 5 in Throwing
 52771 | Swamp:4  | Received a gift from Okawaru
 52917 | Swamp:4  | Received a gift from Okawaru
 53266 | Swamp:4  | Received a gift from Okawaru
 53269 | Swamp:4  | Got a faintly glowing hat {god gift}
 53280 | Swamp:4  | Identified the +0 hat of Ytarus {Int+4} (Okawaru gifted it to you on level 4 of the Swamp)
 53854 | Swamp:4  | Got a serpentine iron ring
 53856 | Swamp:4  | Identified the ring of the City {rElec rPois rC- rN++ Stlth-} (You found it on level 4 of the Swamp)
 54068 | Swamp:4  | Reached XP level 18. HP: 140/193 MP: 29/32
 54630 | Swamp:4  | Got a decaying rune of Zot
 55249 | Orc:2    | Bought a scroll of identify for 26 gold pieces
 55249 | Orc:2    | Bought a scroll of identify for 26 gold pieces
 55266 | Orc:2    | Bought a scroll of enchant armour for 97 gold pieces
 55469 | Spider:1 | Entered Level 1 of the Spider Nest
 56137 | Spider:1 | Noticed Asterion
 56156 | Spider:1 | Killed Asterion
 57479 | Spider:2 | Received a gift from Okawaru
 57488 | Spider:2 | Noticed Aizul
 57502 | Spider:2 | Killed Aizul
 57510 | Spider:2 | Got a slimy giant spiked club {god gift}
 57511 | Spider:2 | Identified the +4 giant spiked club of Gallantry {crush, *Corrode rPois rC+} (Okawaru gifted it to you on level 2 of the Spider Nest)
 58660 | Spider:2 | Received a gift from Okawaru
 59644 | Spider:3 | Received a gift from Okawaru
 60091 | Spider:3 | Reached skill level 5 in Translocations
 60397 | Spider:4 | Entered Level 4 of the Spider Nest
 60472 | Spider:4 | Gained mutation: You possess an exceptional clarity of mind. [potion of beneficial mutation]
 60726 | Spider:4 | Reached skill level 5 in Earth Magic
 61036 | Spider:4 | Reached skill level 5 in Necromancy
 61044 | Spider:4 | Reached XP level 19. HP: 193/204 MP: 33/33
 61858 | Spider:4 | Reached skill level 5 in Transmutations
 62196 | Spider:4 | Received a gift from Okawaru
 62695 | Spider:4 | Got a gossamer rune of Zot
 63388 | Elf:1    | Entered Level 1 of the Elven Halls
 63567 | Elf:1    | Received a gift from Okawaru
 63626 | Elf:1    | Got a shimmering dire flail {god gift}
 63628 | Elf:1    | Identified the +5 dire flail of Desertification {freeze, rC+ MP+9 Dex-2} (Okawaru gifted it to you on level 1 of the Elven Halls)
 64430 | Elf:1    | HP: 4/204 [deep elf high priest/damnation (29)]
 64887 | Orc:2    | Bought a scroll of recharging for 123 gold pieces
 65035 | D:6      | Bought a scroll of recharging for 114 gold pieces
 65260 | Elf:1    | Noticed Agnes
 65270 | Elf:1    | Killed Agnes
 65511 | Elf:1    | Gained mutation: Your spells are a little harder to cast, but a little more powerful. [potion of beneficial mutation]
 65554 | Elf:1    | Received a gift from Okawaru
 65603 | Elf:1    | Noticed Kirke
 65615 | Elf:1    | Killed Kirke
 65891 | Elf:1    | Received a gift from Okawaru
 66080 | Elf:2    | Found a magical portal.
 66085 | WizLab   | Entered Doroklohe's Tomb
 67171 | Elf:2    | Reached XP level 20. HP: 214/214 MP: 30/34
 67449 | Elf:2    | Found a runed gate.
 67449 | Elf:2    | Found a runed gate.
 67449 | Elf:2    | Found a runed gate.
 68195 | Elf:2    | Received a gift from Okawaru
 69502 | Elf:3    | Entered Level 3 of the Elven Halls
 69691 | Elf:3    | Found Dedin's Armour Emporium.
 70918 | Elf:3    | Noticed a Brimstone Fiend
 71271 | Elf:3    | Got a slimy amber ring
 71272 | Elf:3    | Identified the ring "Casy" {Fire MR++} (You took it off a deep elf mage on level 3 of the Elven Halls)
 71371 | Elf:3    | Received a gift from Okawaru
 71495 | Elf:3    | Got a thick robe {god gift}
 71495 | Elf:3    | Got a dull robe
 71500 | Elf:3    | Got a clouded copper ring
 71501 | Elf:3    | Identified the ring of Gluttony {Int+5 Slay+2} (You took it off a deep elf death mage on level 3 of the Elven Halls)
 71543 | Elf:3    | Got a flickering bone amulet
 71546 | Elf:3    | Identified the amulet "Oliloxti" {Gourm +Fly rElec} (You took it off a deep elf death mage on level 3 of the Elven Halls)
 71755 | Elf:3    | Got a crude dagger
 71756 | Elf:3    | Identified the +11 dagger "Earthworm" {flame, +Blink} (You found it on level 3 of the Elven Halls)
 71791 | Elf:3    | Got a wavering wooden ring
 71793 | Elf:3    | Identified the ring "Niuxuinn" {rPois Dex+3} (You found it on level 3 of the Elven Halls)
 71904 | Orc:2    | Bought a scroll of identify for 26 gold pieces
 72084 | Elf:3    | Identified Sif Muna's Almanac of Blistering Transformation
 72108 | Elf:3    | Learned a level 5 spell: Yara's Violent Unravelling
 72115 | Elf:3    | Learned a level 6 spell: Deflect Missiles
 72122 | Elf:3    | Learned a level 6 spell: Haste
 72135 | Elf:3    | Learned a level 5 spell: Silence
 72357 | Vaults:1 | Entered Level 1 of the Vaults
 72394 | Vaults:1 | Reached skill level 10 in Invocations
 72566 | Vaults:1 | Reached XP level 21. HP: 202/226 MP: 35/35
 74110 | Vaults:1 | Received a gift from Okawaru
 74727 | D:13     | Bought a +9 rod of clouds (9/9) for 1656 gold pieces
 74889 | Vaults:1 | Received a gift from Okawaru
 76187 | Vaults:2 | Noticed Boris
 76203 | Vaults:2 | Killed Boris
 76203 | Vaults:2 | Received a gift from Okawaru
 76203 | Vaults:2 | Reached skill level 10 in Throwing
 76203 | Vaults:2 | Reached skill level 5 in Dodging
 77541 | Vaults:2 | Found a staircase to the Crypt.
 77541 | Vaults:2 | Found an ancient bone altar of Kikubaaqudgha.
 77542 | Vaults:2 | Found a basalt altar of Yredelemnul.
 78176 | Vaults:2 | Reached skill level 11 in Invocations
 78386 | Vaults:2 | Found Ymaet's Weapon Shop.
 78579 | Vaults:2 | Bought a throwing net for 39 gold pieces
 78741 | Vaults:3 | Received a gift from Okawaru
 78793 | Vaults:3 | Got a faintly glowing ice dragon armour {god gift}
 78794 | Vaults:3 | Identified the +9 ice dragon armour of Calculation {*Contam rF- rC++ Str+9 Dex+6 Stlth+} (Okawaru gifted it to you on level 3 of the Vaults)
 79066 | Vaults:3 | Reached XP level 22. HP: 140/239 MP: 26/37
 79773 | Vaults:3 | Found Enkihyum's Assorted Antiques.
 79791 | Vaults:3 | Bought a potion of heal wounds for 180 gold pieces
 79791 | Vaults:3 | Bought a potion of might for 144 gold pieces
 80011 | Vaults:3 | Noticed Margery
 80201 | Vaults:3 | Noticed Donald
 80211 | Vaults:3 | Killed Donald
 80256 | Vaults:3 | Killed Margery
 81712 | Vaults:4 | Noticed Jorgrun
 81716 | Vaults:4 | Killed Jorgrun
 81760 | Vaults:4 | Received a gift from Okawaru
 81819 | Vaults:4 | Reached skill level 12 in Invocations
 82119 | Vaults:4 | Noticed Mennas
 82137 | Vaults:4 | Killed Mennas
 82137 | Vaults:4 | Received a gift from Okawaru
 82507 | Vaults:4 | Received a gift from Okawaru
 83272 | Vaults:4 | Reached skill level 10 in Armour
 83812 | Depths:1 | Entered Level 1 of the Depths
 84260 | Depths:1 | Learned a level 4 spell: Summon Lightning Spire
 84604 | Depths:1 | Reached skill level 10 in Evocations
 84972 | Depths:1 | Reached XP level 23. HP: 237/252 MP: 39/39
 85178 | Depths:1 | Found a one-way gate to the infinite horrors of the Abyss.
 85194 | Depths:1 | Reached skill level 13 in Invocations
 85537 | Depths:1 | Received a gift from Okawaru
 86148 | Depths:1 | Found a gateway to Hell.
 86455 | Depths:2 | Reached skill level 1 in Summonings
 87545 | Depths:2 | Received a gift from Okawaru
 87549 | Depths:1 | Reached skill level 14 in Invocations
 87739 | Depths:2 | Got an ancient giant club {god gift}
 87740 | Depths:2 | Identified the +4 giant club of the Blessed Realm {crush, Dex+5} (Okawaru gifted it to you on level 2 of the Depths)
 87787 | Depths:2 | Paralysed by a giant eyeball for 4 turns
 88980 | Depths:2 | Received a gift from Okawaru
 89475 | Depths:2 | Received a gift from Okawaru
 89758 | Depths:2 | Got a slimy giant club {god gift}
 89759 | Depths:2 | Identified the +4 giant club of Arrival {crush, rPois MP-9 Dex+3 SInv} (Okawaru gifted it to you on level 2 of the Depths)
 89975 | Depths:2 | Reached XP level 24. HP: 200/265 MP: 37/39
 91024 | Depths:2 | Found a corrupted altar of Lugonu.
 91446 | Elf:3    | Reached skill level 15 in Invocations
 91781 | Depths:3 | Noticed Jory
 91797 | Depths:3 | Killed Jory
 92102 | Depths:3 | Received a gift from Okawaru
 92320 | Depths:3 | Received a gift from Okawaru
 92594 | Depths:3 | Received a gift from Okawaru
 93715 | Depths:3 | Found a gateway to a ziggurat.
 93961 | Depths:3 | Reached skill level 5 in Summonings
 94362 | Depths:3 | Reached skill level 16 in Invocations
 94986 | Depths:3 | Received a gift from Okawaru
 95210 | Depths:4 | Received a gift from Okawaru
 95655 | Depths:4 | Reached XP level 25. HP: 249/273 MP: 37/39
 96921 | Depths:5 | Entered Level 5 of the Depths
 96984 | Depths:5 | Received a gift from Okawaru
 97078 | Depths:5 | Reached skill level 17 in Invocations
 97254 | Depths:5 | Reached skill level 10 in Dodging
 97472 | Depths:5 | Received a gift from Okawaru
 98792 | Depths:5 | Found a gate to the Realm of Zot.
 99668 | Orc:2    | Bought a book of Spatial Translocations for 715 gold pieces
 99670 | Orc:2    | Learned a level 1 spell: Apportation
 99673 | Orc:2    | Learned a level 2 spell: Blink
 99992 | Orc:2    | Learned a level 3 spell: Portal Projectile
100356 | Vaults:5 | Entered Level 5 of the Vaults
100400 | Vaults:5 | Noticed an ancient lich
100401 | Vaults:5 | Reached skill level 18 in Invocations
100418 | Vaults:5 | Received a gift from Okawaru
100423 | Vaults:5 | Reached XP level 26. HP: 221/283 MP: 38/39
100440 | Vaults:5 | Killed an ancient lich
100666 | Vaults:5 | Received a gift from Okawaru
100733 | Vaults:5 | Received a gift from Okawaru
101366 | Vaults:5 | Got a smoking platinum ring
101371 | Vaults:5 | Identified the ring "Luntypp" {rF+ rN+} (You took it off a vault warden on level 5 of the Vaults)
101734 | Vaults:5 | Reached skill level 19 in Invocations
101825 | Vaults:5 | Got an uncursed faintly glowing flail {flame}
101837 | Vaults:5 | Noticed an ancient lich
101852 | Vaults:5 | Killed an ancient lich
101960 | Vaults:5 | Received a gift from Okawaru
102139 | Vaults:5 | Noticed an ancient lich
102147 | Vaults:5 | Killed an ancient lich
102330 | Vaults:5 | Got a fine lead ring
102332 | Vaults:5 | Identified the ring of Uhekkut {rCorr rC+ MR+ Dex+4} (You took it off an ironheart preserver on level 5 of the Vaults)
102356 | Vaults:5 | Noticed Boris
102368 | Vaults:5 | Killed Boris
102434 | Vaults:5 | Reached XP level 27. HP: 171/291 MP: 39/39
103400 | Vaults:5 | Got a silver rune of Zot
103473 | Vaults:5 | Received a gift from Okawaru
103479 | Vaults:5 | Got a twisted morningstar {god gift}
103480 | Vaults:5 | Identified the +6 morningstar of the Revolution {antimagic, +Blink rN+ Int+7 Stlth-} (Okawaru gifted it to you on level 5 of the Vaults)
103553 | Vaults:5 | Got an ichor-stained demon trident {freeze}
104414 | D:6      | Bought a wand of confusion (21/48) for 206 gold pieces
104414 | D:6      | Bought a slice of pizza for 18 gold pieces
104601 | D:13     | Bought a potion of might for 68 gold pieces
104601 | D:13     | Bought a potion of haste for 170 gold pieces
104601 | D:13     | Bought a potion of brilliance for 68 gold pieces
104601 | D:13     | Bought a potion of mutation for 42 gold pieces
104601 | D:13     | Bought a potion of curing for 51 gold pieces
104601 | D:13     | Bought a potion of heal wounds for 85 gold pieces
104601 | D:13     | Bought a potion of cancellation for 136 gold pieces
105108 | Zot:1    | Entered Level 1 of the Realm of Zot
105209 | Zot:3    | Reached skill level 20 in Invocations
105231 | Zot:2    | HP: 7/291 [death cob (15)]
105957 | Zot:1    | Received a gift from Okawaru
106524 | D:13     | Bought a wand of paralysis (10/24) for 180 gold pieces
107171 | Zot:1    | Received a gift from Okawaru
107244 | Zot:1    | Received a gift from Okawaru
107992 | Zot:2    | Reached skill level 15 in Throwing
108227 | Zot:2    | Received a gift from Okawaru
108930 | Zot:3    | Received a gift from Okawaru
108938 | Zot:3    | Got a translucent giant spiked club {god gift}
108939 | Zot:3    | Identified the +7 giant spiked club of the Dwarven Hall {drain, Fragile MP+9 Str+5 Int+3} (Okawaru gifted it to you on level 3 of the Realm of Zot)
110722 | Zot:4    | Received a gift from Okawaru
111079 | Zot:4    | Reached skill level 21 in Invocations
111210 | Zot:4    | Received a gift from Okawaru
111392 | Zot:4    | Reached skill level 15 in Armour
111392 | Zot:4    | Reached skill level 5 in Stealth
111889 | Zot:4    | Received a gift from Okawaru
111934 | Zot:4    | Received a gift from Okawaru
112348 | Zot:5    | Entered Level 5 of the Realm of Zot
112929 | Orc:2    | Bought a beef jerky for 19 gold pieces
112929 | Orc:2    | Bought a slice of pizza for 19 gold pieces
112929 | Orc:2    | Bought a slice of pizza for 19 gold pieces
112929 | Orc:2    | Bought a bread ration for 65 gold pieces
112929 | Orc:2    | Bought a bread ration for 65 gold pieces
112929 | Orc:2    | Bought a meat ration for 65 gold pieces
112929 | Orc:2    | Bought a meat ration for 65 gold pieces
112929 | Orc:2    | Bought a meat ration for 65 gold pieces
112929 | Orc:2    | Bought a meat ration for 65 gold pieces
112929 | Orc:2    | Bought a meat ration for 65 gold pieces
114540 | Zot:5    | Noticed an ancient lich
114548 | Zot:5    | Killed an ancient lich
114597 | Zot:5    | Noticed an ancient lich
114614 | Zot:5    | Killed an ancient lich
114784 | Zot:5    | Noticed an ancient lich
114803 | Zot:5    | Killed an ancient lich
115123 | Zot:5    | Noticed an ancient lich
115136 | Zot:5    | Killed an ancient lich
115136 | Zot:5    | Received a gift from Okawaru
115171 | Zot:5    | Got an opalescent robe {god gift}
115207 | Zot:5    | Reached skill level 22 in Invocations
115281 | Zot:5    | Noticed an orb of fire
115295 | Zot:5    | Killed an orb of fire
116002 | Zot:5    | Noticed an orb of fire
116004 | Zot:5    | Gained mutation: You are dopey. (Int -2) [an orb of fire]
116005 | Zot:5    | Gained mutation: You tend to lose your temper in combat. [an orb of fire]
116037 | Zot:5    | Gained mutation: Armour fits poorly on your strangely shaped body. [an orb of fire]
116039 | Zot:5    | Killed an orb of fire
116159 | Zot:5    | Noticed an ancient lich
116162 | Zot:5    | Killed an ancient lich
116548 | Zot:5    | Noticed an orb of fire
116549 | Zot:5    | Gained mutation: Potions and wands are less effective at restoring your health. [an orb of fire]
116561 | Zot:5    | Killed an orb of fire
116676 | Zot:5    | Received a gift from Okawaru
116743 | Zot:5    | Noticed an orb of fire
116760 | Zot:5    | Killed an orb of fire
116804 | Zot:5    | Noticed an orb of fire
116807 | Zot:5    | Gained mutation: You are resistant to hostile enchantments. [an orb of fire]
116808 | Zot:5    | Gained mutation: You are frail (-10% HP). [an orb of fire]
116813 | Zot:5    | Killed an orb of fire
117195 | Zot:5    | Noticed an ancient lich
117203 | Zot:5    | Killed an ancient lich
118161 | Zot:5    | Lost mutation: You are frail (-10% HP). [potion of cure mutation]
118161 | Zot:5    | Lost mutation: Armour fits poorly on your strangely shaped body. [potion of cure mutation]
118161 | Zot:5    | Lost mutation: You possess an exceptional clarity of mind. [potion of cure mutation]
118161 | Zot:5    | Lost mutation: You are dopey. (Int -2) [potion of cure mutation]
118162 | Zot:5    | Lost mutation: You tend to lose your temper in combat. [potion of cure mutation]
118162 | Zot:5    | Lost mutation: Potions and wands are less effective at restoring your health. [potion of cure mutation]
118162 | Zot:5    | Lost mutation: You are resistant to hostile enchantments. [potion of cure mutation]
120237 | Temple   | Fell from the grace of Okawaru
120237 | Temple   | Became a worshipper of Sif Muna the Loreminder
120642 | Crypt:1  | Entered Level 1 of the Crypt
120865 | Crypt:1  | Reached * piety under Sif Muna
121679 | Crypt:1  | Reached ** piety under Sif Muna
123888 | Crypt:2  | Reached *** piety under Sif Muna
124238 | Crypt:2  | Reached skill level 10 in Air Magic
124779 | Crypt:2  | Noticed Wiglaf
124786 | Crypt:2  | Killed Wiglaf
124786 | Crypt:2  | Reached **** piety under Sif Muna
125768 | Crypt:3  | Entered Level 3 of the Crypt
125768 | Crypt:3  | Noticed Frederick
125776 | Crypt:3  | Killed Frederick
125776 | Crypt:3  | Reached ***** piety under Sif Muna
127016 | Crypt:3  | Was forgiven by Okawaru
127504 | Crypt:3  | Reached ****** piety under Sif Muna
127649 | Crypt:3  | Received a gift from Sif Muna
127904 | Crypt:3  | Found a basalt altar of Yredelemnul.
127904 | Crypt:3  | Noticed an ancient lich
127913 | Crypt:3  | Killed an ancient lich
127933 | Crypt:3  | Found a staircase to the Tomb.
127984 | Crypt:3  | Reached skill level 10 in Charms
129128 | Zot:4    | Received a gift from Sif Muna
129136 | Zot:4    | Identified Sif Muna's Incunabulum of the Compass (Sif Muna gifted it to you on level 4 of the Realm of Zot)
129557 | Zot:5    | Got the Orb of Zot
129762 | Zot:2    | Noticed Ezye the pandemonium lord
130216 | D:6      | Gained mutation: You are dopey. (Int -2) [a neqoxec]
130223 | D:6      | Gained mutation: You occasionally shout uncontrollably at your foes. [a neqoxec]
130390 | D:2      | Noticed Haoz the pandemonium lord
130433 | D:1      | Killed Haoz the pandemonium lord
130479 | D:1      | Was placed under penance by Sif Muna
130482 | D:$      | Escaped with the Orb!

Skill      XL: |  1  2  3  4  5  6  7  8  9 10 11 12 13 14 15 16 17 18 19 20 21 22 23 24 25 26 27 |
---------------+----------------------------------------------------------------------------------+-----
Fighting       | 2 3 4 6 7 9 11 12 13 14 15 16 17 18 19 20 | 20.0
Maces & Flails | 1 3 4 5 7 9 11 13 14 17 19 20 | 20.0
Evocations     | 1 2 3 4 5 6 7 8 10 13 | 13.1
Invocations    | 2 3 4 5 7 8 9 10 11 12 14 16 18 19 22 | 22.7
Dodging        | 2 3 4 6 7 9 10 11 12 | 12.0
Armour         | 3 4 5 6 7 8 9 10 11 12 13 16 | 16.4
Throwing       | 3 4 5 6 7 9 10 11 13 14 17 | 17.5
Charms         | 4 6 7 10 | 10.9
Hexes          | 4 6 7 |  7.0
Spellcasting   | 4 7 10 11 12 14 | 14.0
Air Magic      | 2 4 6 7 11 | 11.9
Translocations | 3 5 6 7 |  7.0
Transmutations | 2 4 6 7 |  7.0
Necromancy     | 3 5 6 7 |  7.0
Earth Magic    | 3 5 6 7 |  7.0
Summonings     | 3 5 6 8 9 |  9.0
Stealth        | 9 |  9.7
Short Blades   | |  0.5

Action                   |  1- 3 |  4- 6 |  7- 9 | 10-12 | 13-15 | 16-18 | 19-21 | 22-24 | 25-27 || total
-------------------------+-------+-------+-------+-------+-------+-------+-------+-------+-------++-------
Melee: Dagger            |   181 |    92 |       |       |       |       |       |       |       ||   273
       Club              |       |   115 |       |       |       |       |       |       |       ||   115
       Flail             |       |   174 |   616 |   424 |       |       |       |       |       ||  1214
       Punch             |       |       |     1 |     3 |       |       |       |       |     3 ||     7
       Morningstar       |       |       |       |    95 |       |       |       |       |    43 ||   138
       Giant club        |       |       |       |     7 |       |  1173 |  1193 |  1328 |  1980 ||  5681
       Great mace        |       |       |       |   273 |  1356 |   161 |       |       |       ||  1790
Throw: Javelin           |       |       |     2 |     1 |       |     9 |   115 |   111 |   222 ||   460
       Tomahawk          |       |       |       |    38 |    73 |   299 |   147 |   235 |    96 ||   888
       Throwing net      |       |       |       |     1 |     1 |       |       |       |     3 ||     5
       Large rock        |       |       |       |       |     7 |    13 |       |    75 |  1492 ||  1587
 Cast: Corona            |     3 |    12 |     4 |    17 |       |       |       |       |       ||    36
       Spectral Weapon   |       |       |       |       |    53 |    59 |    30 |    36 |     7 ||   185
       Repel Missiles    |       |       |       |       |     5 |     1 |    16 |    11 |    22 ||    55
       Regeneration      |       |       |       |       |       |       |     2 |     1 |       ||     3
       Blink             |       |       |       |       |       |       |       |       |     3 ||     3
       Apportation       |       |       |       |       |       |       |       |       |    80 ||    80
       Passwall          |       |       |       |       |       |       |       |       |     6 ||     6
       Deflect Missiles  |       |       |       |       |       |       |       |       |     2 ||     2
       Silence           |       |       |       |       |       |       |       |       |     1 ||     1
Invok: Heroism           |       |       |     8 |    20 |    18 |    12 |    17 |    13 |    40 ||   128
       Finesse           |       |       |       |     1 |     5 |     2 |     4 |     2 |    20 ||    34
 Abil: Evoke Invisibilit |       |       |       |       |       |     8 |    19 |     5 |    16 ||    48
Evoke: Wand              |       |     2 |     5 |    15 |    18 |    67 |    29 |     4 |    35 ||   175
       Rod               |       |       |       |     1 |       |       |     7 |    18 |    23 ||    49
       Sack of spiders   |       |       |       |       |       |    18 |     2 |     4 |     1 ||    25
       Lamp of fire      |       |       |       |       |       |     2 |     7 |     3 |     3 ||    15
       Fan of gales      |       |       |       |       |       |     2 |     1 |       |     1 ||     4
       Phial of floods   |       |       |       |       |       |       |       |       |     2 ||     2
  Use: Scroll            |     1 |     8 |     9 |     6 |    14 |    23 |    18 |     5 |    33 ||   117
       Potion            |       |     1 |     4 |     8 |     9 |     6 |     3 |     4 |    16 ||    51
 Stab: Sleeping          |     3 |     2 |     2 |       |     1 |     3 |     2 |     4 |       ||    17
       Confused          |       |     3 |     1 |     2 |       |     1 |     1 |     4 |     8 ||    20
       Distracted        |       |       |     2 |       |     2 |     5 |     2 |     6 |     5 ||    22
       Held in net/web   |       |       |       |     5 |       |       |       |     4 |     1 ||    10
       Invisible         |       |       |       |       |       |    23 |    68 |    14 |    71 ||   176
       Paralysed         |       |       |       |       |       |     5 |     2 |     1 |     3 ||    11
  Eat: Chunk             |     2 |    16 |    17 |    32 |    26 |    19 |    25 |    29 |    19 ||   185
       Fruit             |       |       |     1 |     3 |     4 |    12 |     8 |     4 |    19 ||    51
       Royal jelly       |       |       |     1 |       |     2 |     1 |       |       |     2 ||     6
       Pizza             |       |       |       |     4 |     1 |     3 |     3 |       |     3 ||    14
       Beef jerky        |       |       |       |     1 |     2 |     2 |     1 |       |     8 ||    14
       Bread ration      |       |       |       |       |     4 |       |       |     5 |     8 ||    17
       Meat ration       |       |       |       |       |     2 |     7 |     6 |     3 |     9 ||    27
Armor: Robe              |    88 |   103 |   166 |    39 |       |       |       |       |       ||   396
       Animal skin       |       |       |       |   115 |       |       |       |       |       ||   115
       Skin              |       |       |       |    26 |       |       |       |       |       ||    26
       Mottled dragon ar |       |       |       |    50 |   470 |   716 |   509 |       |       ||  1745
       Ice dragon armour |       |       |       |       |       |       |     3 |   674 |   885 ||  1562
Dodge: Dodged            |   122 |   183 |   201 |   309 |   551 |   690 |   505 |   768 |  1319 ||  4648
       Deflected         |       |       |       |       |     6 |     6 |    81 |    52 |   137 ||   282

Vault maps used:
D:1:      saegor_arrival_fortress, st_stairs_6, minmay_misc_feat_enclosed
D:2:      nicolae_overflow_crystal_walls, kennysheep_ying_yang,
          minmay_door_square
D:3:      grunt_pakellas_mercury, lemuel_round_altar, overflow_temple_1_default,
          first_bread, grunt_ministairs_5
D:4:      old_standard_altar, lemuel_crystal_altar
D:5:      grunt_qazlal_clouds, uniq_pikel
D:6:      minmay_temple_entry_overgrown, serial_shops, shop, uniq_blork_the_orc
D:7:      nicolae_overflow_hidden_temple, nemelex_deck, serial_shops, shop,
          enter_ossuary_1
D:8:      gammafunk_temple_overflow_wave, special_room, grunt_ministairs_15
D:9:      cheibriados_altar_1, serial_shops, nicolae_shop_trees,
          hangedman_fish_farm, guppyfry_early_elven_hall, uniq_grum
D:10:     david_lair_generic, hangedman_feature_mirror, uniq_gastronok
D:11:     orc_david_3, enter_trove_0
D:12:     grunt_gozag_statues
D:13:     david_vaults_5, serial_shops, shop, nicolae_shop_crystal,
          nicolae_shop_behind_doors
D:14:     basic_altar, minmay_misc_feat_room
D:15:     grunt_enter_depths_giant_problem, serial_shops, shop,
          hangedman_decor_slide_cut, spider_trap, st_stairs_8,
          serial_park_tiny_2, lemuel_flamethrower_hall, uniq_urug
Temple:   nicolae_temple_hex_pool
Lair:1:   nicolae_quartered_pool_medium, st_stairs_8
Lair:2:   portal_ice_cave_entry_ice_beasts, minivault_11, grunt_megastairs_2
Lair:3:   enter_volcano_4, guppyfry_lair_drakes
Lair:4:   spider_nest_entry_funnel_web, grunt_megastairs_3, uniq_sonja
Lair:5:   beast_lair_carwin_large_1
Lair:6:   swamp_mist, lemuel_fruit_tree, uniq_snorg
Lair:7:   lab_entry_generic
Lair:8:   hangedman_lair_in_review, wormcave, slime_altar_1, minivault_24
Swamp:1:  hangedman_swamp_pad
Swamp:2:  cheibrodos_swamp_tower_of_moss, evilmike_swamp_ruin_house_6
Swamp:3:  nicolae_swamp_rocky_clearing, st_swamp_ruins_2, uniq_louise
Swamp:4:  swamp_basic_johnstein, swamp_pool2, hangedman_swamp_cone,
          hangedman_swamp_lotus, evilmike_swamp_ruin_house_1
Spider:1: hangedman_spider_trapstep, uniq_asterion
Spider:2: uniq_aizul
Spider:3: spider_trap
Spider:4: spider_rune_water
Orc:1:    basic_altar, nicolae_orc_bridge_out
Orc:2:    pf_orc_diabolical, nooodl_orcs_dogs
Elf:1:    orc_legates, lemuel_flamethrower_3, uniq_kirke, uniq_agnes
Elf:2:    mu_enter_wizlab_1, guppyfry_elf_castle
Elf:3:    elf_hall, serial_shops, shop, grunt_megastairs_4
Vaults:1: ontoclasm_vaults_eye, nicolae_vaults_theta, grunt_vaults_twisty,
          nicolae_vaults_triangles, vaults_dpeg_spiral, vaults_mumra_hexcomb,
          nicolae_vaults_little_ls, grunt_vaults_diagonal,
          nicolae_vaults_circle_grid_b, hangedman_vaults_slice,
          nicolae_vaults_windows_and_doors_thing
Vaults:2: vaults_room_door_hall, nicolae_vaults_border_crossing,
          nicolae_vaults_mini_display_case, v_pattern_1,
          ontoclasm_vaults_loading_screen, ontoclasm_vaults_hangar,
          minmay_crypt_entry_necro_gods, nicolae_vaults_little_squares_1,
          grunt_vaults_funnel, v_misc_15, serial_shops,
          nicolae_shop_behind_doors, uniq_boris
Vaults:3: vaults_room_boxed, nicolae_vaults_what_the_h, v_rooms_6, v_misc_11,
          nicolae_vaults_diagonal_hallway_6, v_misc_3, hangedman_vaults_corner,
          v_misc_19, vaults_room_fancy_cross, nicolae_vaults_shelves_hall,
          serial_shops, shop, uniq_margery, uniq_donald
Vaults:4: v_misc_19, hangedman_vaults_impose, vaults_mumra_chevron_long,
          v_rooms_2, hangedman_vaults_corner_blocks, v_misc_1, v_misc_4,
          hangedman_vaults_restitches, vaults_room_corners,
          ontoclasm_vaults_fault, uniq_jorgrun, uniq_mennas
Vaults:5: uniq_boris
Crypt:1:  serial_co_window_serial, co_window_corner_a, co_window_corner_a,
          co_window_corner_a, co_window_paths_a, co_window_paths_a,
          co_window_of_opportunity_c, co_window_broadway_a, co_window_corner_b,
          co_window_broadway_b, co_window_2corner, co_window_4corner_b,
          co_window_paths_e, minmay_misc_feat_columns
Crypt:2:  minmay_misc_feat_five, roderic_lattice_octagonal_star, uniq_wiglaf
Crypt:3:  cryptofortress_bobbens, uniq_frederick
Depths:1: pf_coc_iceberg, minmay_room_of_horrors, corexii_leaking_fountain,
          st_stairs_10, minmay_crystal_water, serial_bayou_crossing
Depths:2: grunt_crosshair, abyss_entry_flame_altar, hell_entry,
          grunt_pan_entry_sceptre, serial_bayou_shore_a
Depths:3: minmay_bad_star, enter_ziggurat_a, grunt_pan_entry_spiral, hell_entry,
          grunt_ministairs_14, serial_bayou_shore_b,
          infiniplex_staircase_hallway_doors, uniq_jory
Depths:4: kennysheep_green_arena, hell_entry, abyss_entry_crystal
Depths:5: grunt_zot_entry_alcove, hell_entry, hangedman_decor_opposing,
          nicolae_lava_and_water, grunt_ministairs_13, columned_hall_lemuel,
          serial_sigils_hangedman_carve
Zot:1:    kennysheep_room_grid
Zot:3:    grunt_ministairs_6, basic_loot_grate_trap
Zot:4:    lemuel_halls_of_wrath
Lab:      labyrinth_glass_1, nicolae_lab_garden, nicolae_lab_flowing_pool,
          nicolae_lab_quarters, nicolae_lab_grate_2
Ossuary:  ossuary_tomb_2
IceCv:    ice_cave_small_dragons
Volcano:  volcano_tomb
WizLab:   wizlab_doroklohe
